AoeStats
← facufrances1

Arabia

509776394Analyzed
1v1 RM · 4d ago on Sep 28, 2026· 27m 21s· 2 players
Game mode
Random Map
Map size
Tiny (2 player)
Population
200
Speed
Normal
Resources
Standard
Victory
Conquest
Starting age
Dark Age
Ending age
Imperial Age
RankedLock teamsTeams togetherTeam positionsShared explorationLock speedFull tech treeHidden civsTurbo modeCheats
Victory
Defeat
🇦🇷 Vikings · Argentina
948
+17
🇧🇷 Cumans · Brazil
960
-17
facufrances1
7:13 Loom
10:22 Feudal Age
11:00 Double-Bit Axe
21:05 Castle Age
19:02 Fletching
19:44 Gold Mining
19:45 Stone Mining
20:05 Padded Archer Armor
21:40 Crossbowman
23:06 Bodkin Arrow
24:45 Forging
24:41 Town Watch
alanmeneses
10:06 Feudal Age
10:42 Double-Bit Axe
11:47 Wheelbarrow
11:44 Loom
12:32 Horse Collar
14:45 Wheelbarrow
20:14 Fletching
21:37 Padded Archer Armor
23:27 Scale Mail Armor
27:54 Castle Age
Connection lost

Rejoining the realm…

Still unreachable

The connection could not be restored.

Session expired

The server has moved on; the page needs a fresh start.